 Dungeon Crawl Stone Soup version 0.25-a0-294-gea9b1ad378 (webtiles) character file.

Game seed: 6450072025938159584, levelgen mode: classic

220 Borgoz the Skirmisher (level 5, -6/33 HPs)
             Began as a Gargoyle Berserker on Dec 19, 2019.
             Was a Believer of Trog.
             Killed by divine providence
             ... invoked by an orc priest
              (13 damage)
             ... on level 4 of the Dungeon.
             The game lasted 00:02:40 (2163 turns).

Borgoz the Skirmisher (Gargoyle Berserker)          Turns: 2163, Time: 00:02:41

Health: -6/33      AC: 12    Str: 21    XL:     5   Next: 97%
Magic:  5/5        EV: 11    Int:  7    God:    Trog [**....]
Gold:   184        SH:  0    Dex: 10    Spells: 4/4 levels left

rFire    . . .     SeeInvis .   a - +0 falchion
rCold    . . .     Gourm    .   (no shield)
rNeg     + . .     Faith    .   h - +0 ring mail (curse)
rPois    ∞         Spirit   .   (no helmet)
rElec    +         Reflect  .   s - +0 cloak
rCorr    .         Harm     .   q - +0 pair of gloves
MR       ++...                  (no boots)
Stlth    ..........             j - amulet of rage
HPRegen  1.11/turn              (no ring)
MPRegen  0.09/turn              (no ring)

@: regenerating
A: negative energy resistance 1, electricity resistance, unbreathing,
petrification resistance, rot immunity, AC +4
a: Berserk, Trog's Hand, Renounce Religion, Evoke Berserk Rage


You were on level 4 of the Dungeon.
You worshipped Trog.
Trog was pleased with you.
You were very hungry.

You visited 1 branch of the dungeon, and saw 4 of its levels.

You collected 184 gold pieces.

Inventory:

Hand Weapons
 a - a +0 falchion (weapon)
Missiles
 m - 3 throwing nets (quivered)
Armour
 h - a cursed +0 ring mail (worn)
 q - a +0 pair of gloves (worn)
 s - a +0 cloak (worn)
 t - a +1 scale mail of cold resistance
Jewellery
 j - an amulet of rage (around neck)
Wands
 r - a wand of disintegration (8)
Scrolls
 d - 2 scrolls of noise {unknown}
 g - a scroll of enchant weapon {unknown}
 i - 2 scrolls of magic mapping
 k - 2 scrolls of remove curse {unknown}
 o - 2 scrolls of teleportation {unknown}
Potions
 e - 2 potions of might
 f - 2 potions of brilliance
 n - a potion of degeneration {unknown}
 p - 2 potions of agility
Comestibles
 c - 5 rations


   Skills:
 + Level 4.3 Fighting
 * Level 4.2 Long Blades
 + Level 3.4 Armour
 + Level 2.5 Dodging


You had 4 spell levels left.
You didn't know any spells.
Your spell library was empty.

Dungeon Overview and Level Annotations

Branches:
Dungeon (4/15)
 Temple: D:4-7

Altars:
Dithmenos
Okawaru
Trog
Wu Jian
Zin

Annotations:
D:4 1 transporter


Innate Abilities, Weirdness & Mutations

You are resistant to torment.
Your stone body is resilient. (AC +4)
You are immune to poison.
You resist negative energy. (rN+)
You are resistant to electric shocks. (rElec)
You can survive without breathing.
You are immune to petrification.
You are immune to rotting.


Message History

The orc priest barely misses you.
Unknown command.
Your skin crawls.
You feel resistant to hostile enchantments.
You are feeling very hungry.
The orc priest calls upon Beogh to heal the orc priest.
The orc priest is healed somewhat.
The orc priest completely misses you.
You hit the orc priest.
The orc priest is severely wounded.
You slash the orc priest!
You kill the orc priest!
Trog accepts your kill.
You hit the orc priest.
The orc priest is moderately wounded.
The orc priest hits you but does no damage.
You hit the orc priest but do no damage.
The orc priest is moderately wounded.
The orc priest invokes the aid of Beogh against you.
Beogh smites you!
You die...

# .. #. . .
.## # #...#.#
.#.#. ... #o#
#@# ###.#.#
#...#.#
##.###.###
#.........
###...#.####
#..........
#.###...#####
#..##.#<....#


You could see an orc priest.

Vanquished Creatures
  A scorpion (D:2)
  An orc priest (D:4)
  Jessica (D:2)
  4 gnolls (D:2)
  A worm (D:3)
  3 dart slugs
  3 leopard geckos (D:1)
  6 orcs
  A giant cockroach (D:1)
  4 goblins
  11 hobgoblins
  8 kobolds
  3 quokkas
  A ball python (D:3)
  7 bats
  7 frilled lizards
  5 rats
67 creatures vanquished.

Notes
Turn   | Place    | Note
-------+----------+-------------------------------------------
     0 | D:1      | Borgoz the Gargoyle Berserker began the quest for the Orb.
     0 | D:1      | Reached XP level 1. HP: 14/14 MP: 1/1
   160 | D:1      | Reached XP level 2. HP: 16/19 MP: 2/2
   447 | D:1      | Reached XP level 3. HP: 22/23 MP: 3/3
   720 | D:2      | Reached ** piety under Trog
   804 | D:2      | Noticed a scorpion
   819 | D:2      | Killed a scorpion
   819 | D:2      | Reached XP level 4. HP: 16/29 MP: 4/4
  1008 | D:2      | Found a faded altar of an unknown god.
  1008 | D:2      | Found an ornate altar of the Wu Jian Council.
  1014 | D:2      | Found a faded altar of an unknown god.
  1018 | D:2      | Found a bloodstained altar of Trog.
  1019 | D:2      | Found a glowing silver altar of Zin.
  1079 | D:2      | Reached XP level 5. HP: 33/33 MP: 5/5
  1152 | D:2      | Found a shadowy altar of Dithmenos.
  1241 | D:2      | Noticed Jessica
  1249 | D:2      | Killed Jessica
  1771 | D:3      | Found an iron altar of Okawaru.
  2114 | D:4      | Found a transporter.
  2157 | D:4      | HP: 1/33 [orc priest/divine providence (14)]
  2163 | D:4      | Killed from afar by an orc priest

Levels and vault maps discovered:
D:1:      minmay_arrival_solitary_statue, layout_basic
D:2:      layout_basic, lemuel_doored_altar,
          chequers_temple_overflow_minitemple, first_ration, uniq_jessica
D:3:      layout_basic, minmay_misc_feat_secret_circle, amethyst_killhole,
          okawaru_trees_2
D:4:      gammafunk_wand_slinger, layout_basic, kennysheep_little_box,
          corexii_item_surrounded_by_moat, minivault_4, eino_tiny_chamber

Skill      XL: |  1  2  3  4  5 |
---------------+----------------+-----
Long Blades    | 3 4 |  4.2
Dodging        | 2 |  2.5
Armour         | 3 |  3.4
Fighting       | 4 |  4.3

Action                   |  1- 3 |  4- 6 || total
-------------------------+-------+-------++-------
Melee: Falchion          |    77 |   140 ||   217
Invok: Berserk           |       |     1 ||     1
       Trog's Hand       |       |     2 ||     2
  Use: Scroll            |       |     4 ||     4
  Eat: Chunk             |       |     5 ||     5
Armor: Animal skin       |    21 |       ||    21
       Ring mail         |    24 |    72 ||    96
Dodge: Dodged            |    53 |    86 ||   139
       Rpst.: Falchion   |    20 |    25 ||    45

Table legend:
 A = Non-vault XP
 B = Vault XP
 C = Vault XP percentage of total XP
 D = Non-vault monster count
 E = Vault monster count
 F = Vault count percentage of total count
                 A         B        C        D         E       F
            +---------+---------+-------+---------+---------+-------
      Total |     278 |      37 |  11.7 |      66 |       1 |   1.5
            +---------+---------+-------+---------+---------+-------
        D:1 |      41 |       0 |   0.0 |      20 |       0 |   0.0
        D:2 |     150 |      37 |  19.8 |      23 |       1 |   4.2
        D:3 |      37 |       0 |   0.0 |      19 |       0 |   0.0
        D:4 |      50 |       0 |   0.0 |       4 |       0 |   0.0
            +---------+---------+-------+---------+---------+-------
